 Dungeon Crawl Stone Soup version 0.18.1-48-g4cf74bf (webtiles) character file.

223 MistressOfTheDunes the Insei (level 5, -5/41 HPs)
             Began as a Mummy Monk on July 20, 2016.
             Killed by divine providence
             ... invoked by an orc priest
              (14 damage)
             ... on level 3 of the Dungeon.
             The game lasted 00:05:07 (4250 turns).

MistressOfTheDunes the Insei (Mummy Monk)           Turns: 4250, Time: 00:05:08

Health: -5/41      AC:  1    Str: 14    XL:     5   Next: 66%
Magic:  5/5        EV: 14    Int: 10    God:
Gold:   143        SH:  0    Dex: 15    Spells: 0 memorised, 4 levels left

rFire  x . .     SeeInvis .       - Unarmed
rCold  + . .     Gourm    .     (no armour)
rNeg   + + +     Faith    .     (no shield)
rPois  ∞         Spirit   .     (no helmet)
rElec  .         Dismiss  .     (no cloak)
rCorr  .         Reflect  .     a - +0 pair of gloves
SustAt .         Harm     .     (no boots)
MR     .....                    (no amulet)
Stlth  ++........               (no ring)
                                (no ring)

@: not resistant to hostile enchantments, unstealthy
A: no food or potions, fire vulnerability, cold resistance 1, negative energy
resistance 3, torment resistance, unbreathing
a: no special abilities


You were on level 3 of the Dungeon.
You were not hungry.

You visited 1 branch of the dungeon, and saw 3 of its levels.

You collected 143 gold pieces.


Innate Abilities, Weirdness & Mutations

You do not eat or drink.
Your flesh is vulnerable to fire.
You are immune to poison.
Your flesh is cold resistant.
You are immune to negative energy.
You are immune to unholy pain and torment.
You can survive without breathing.


   Skills:
 - Level 3.0 Fighting
 + Level 3.7 Dodging
 - Level 1.5 Stealth
 - Level 5.0 Unarmed Combat


You had 4 spell levels left.
You didn't know any spells.

Inventory:

Missiles
 e - 18 poisoned needles
Armour
 a - a +0 pair of gloves (worn)
Scrolls
 b - 2 scrolls of remove curse {unknown}
 c - a scroll of noise {unknown}
 d - a scroll of magic mapping {unknown}
 f - 2 scrolls of enchant weapon {unknown}
 g - 3 scrolls of identify {unknown}
 h - a scroll of blinking {unknown}

Dungeon Overview and Level Annotations

Branches:
Dungeon (3/15)

Altars:
Ashenzari
Dithmenos
Pakellas
Trog
Yredelemnul

▒▒▒▒▒▒▒▒ ▒......▒
▒.▒ ▒.▒▒▒▒.▒ ▒▒▒
▒.▒ ▒.▒ ▒.▒ ..▒
▒.▒ ▒.▒ ▒.▒▒ ▒.▒
▒▒.▒▒▒.▒ ▒... ▒.▒
▒...▒▒.▒ ▒▒▒▒
▒o▒▒▒......▒
▒M▒.......▒▒▒▒▒▒▒▒
▒.▒..†............
▒.▒..)....▒▒▒▒▒▒▒▒
▒.).....▒▒▒
▒▒▒▒▒...▒ ▒▒▒▒▒


You could see an orc priest.


Message History

You barely miss the orc priest!
The orc priest invokes the aid of Beogh against you!
Beogh smites you!!! * * * don't die
* * * You are too injured to fight recklessly!!!
You are too injured to fight recklessly!!!
You beat the orc priest but do no damage!
You squash the orc priest but do no damage!
The orc priest closely misses you!
You pulverise the orc priest!
The orc priest is moderately wounded!
The orc priest closely misses you!
You squash the orc priest like an ant!
The orc priest is heavily wounded!
The orc priest mumbles some strange prayers to Beogh against you!
You are unaffected!
You pulverise the orc priest!
The orc priest is heavily wounded!
The orc priest miscasts a cantrip!
You pulverise the orc priest!
The orc priest is severely wounded!
The orc priest hits you with a flail!!! * * * don't die
* * * You closely miss the orc priest!
The orc priest is severely wounded!
You pummel the orc priest like a punching bag!
The orc priest is almost dead!
The orc priest calls down the wrath of Beogh upon you!
Beogh smites you!!! rip

Action                   |  1- 3 |  4- 6 || total
-------------------------+-------+-------++-------
Melee: Unarmed           |   122 |   175 ||   297
       Punch             |     1 |     8 ||     9
 Stab: Sleeping          |     3 |     4 ||     7
Armor: Skin              |    12 |     9 ||    21
Dodge: Dodged            |    81 |   110 ||   191

Vault maps used:
D:1:      mrwooster_arrival_statue, ashenzari_altar_1
D:2:      old_standard_altar, first_bread, trog_book, uniq_iyjb
D:3:      grunt_dithmenos_smoke, old_standard_altar, supply_closet_lemuel,
          kennysheep_slug_shrine

Notes
Turn   | Place    | Note
--------------------------------------------------------------
     0 | D:1      | MistressOfTheDunes the Mummy Monk began the quest for the Orb.
     0 | D:1      | Reached XP level 1. HP: 18/18 MP: 1/1
    80 | D:1      | Found a shattered altar of Ashenzari.
   354 | D:1      | Reached XP level 2. HP: 14/24 MP: 2/2
  1047 | D:2      | Reached skill level 4 in Unarmed Combat
  1047 | D:2      | Reached XP level 3. HP: 22/29 MP: 3/3
  1511 | D:2      | Noticed Ijyb
  1513 | D:2      | Found a basalt altar of Yredelemnul.
  1536 | D:2      | Killed Ijyb
  1536 | D:2      | Reached XP level 4. HP: 24/35 MP: 4/4
  1880 | D:2      | Found a bloodstained altar of Trog.
  2112 | D:3      | Reached skill level 5 in Unarmed Combat
  2676 | D:3      | Found a shadowy altar of Dithmenos.
  3207 | D:1      | Reached skill level 3 in Dodging
  3207 | D:1      | Reached XP level 5. HP: 41/41 MP: 5/5
  3895 | D:3      | Found an oddly glowing altar of Pakellas.
  4250 | D:3      | Killed from afar by an orc priest

Vanquished Creatures
  An orc priest (D:2)
  Ijyb (D:2)
  An orc wizard (D:3)
  An iguana (D:1)
  3 adders
  2 worms (D:3)
  3 dart slugs
  5 giant geckos
  6 orcs
  A ball python (D:3)
  A giant cockroach (D:2)
  9 goblins
  7 hobgoblins
  2 jackals
  A quokka (D:2)
  10 bats
  7 giant newts
  4 kobolds
  12 rats
77 creatures vanquished.
